 Dungeon Crawl Stone Soup version 0.27-a0-998-g4cfe56dd59 (webtiles) character file.

Game seed: 2601260905736642487

38 vurker the Magician (level 3, -1/27 HPs)
             Began as a Djinni Air Elementalist on Apr 16, 2021.
             Slain by Robin
             ... wielding a +0 club
              (9 damage)
             ... on level 2 of the Dungeon.
             The game lasted 00:00:58 (1917 turns).

vurker the Magician (Djinni Air Elementalist)       Turns: 1917, Time: 00:00:59

Health: -1/27      AC:  2    Str:  7    XL:     3   Next: 43%
Gold:   68         EV: 12    Int: 17    God:
                   SH:  0    Dex: 13

rFire    + + .     SeeInvis .   b - +0 dagger
rCold    x . .     Faith    .   (no shield)
rNeg     . . .     Spirit   .   a - +0 robe
rPois    ∞         Reflect  .   (no helmet)
rElec    .         Harm     .   (no cloak)
rCorr    .         Rampage  .   (no gloves)
Will     .....                  (boots unavailable)
Stlth    ++........             (no amulet)
HPRegen  0.09/turn              (no ring)
MPRegen  0.00/turn              (no ring)

@: flying
A: fire resistance 2, cold vulnerability 1, float, innate caster, hp casting,
extra vitality 1
a: no special abilities


You were on level 2 of the Dungeon.
You visited 1 branch of the dungeon, and saw 2 of its levels.

You collected 68 gold pieces.

Inventory:

Hand Weapons
 b - a +0 dagger (weapon)
   (You took it off a kobold on level 1 of the Dungeon)
Armour
 a - a +0 robe (worn)
Scrolls
 c - a scroll of magic mapping {unknown}
 d - 2 scrolls of holy word {unknown}
 e - a scroll of brand weapon {unknown}
 h - a scroll of vulnerability {unknown}
 j - a scroll of enchant armour {unknown}
Potions
 f - a potion of cancellation {unknown}
 g - 2 potions of heal wounds {unknown}
 i - a potion of mutation {unknown}


   Skills:
 + Level 1.4 Fighting
 - Level 2.1 Dodging
 - Level 1.5 Stealth
 * Level 3.4 Spellcasting


You couldn't memorise any spells.
You knew the following spells:

 Your Spells              Type           Power      Damage    Failure   Level
a - Shock                 Conj/Air       56%        1d6       4%          1
b - Static Discharge      Conj/Air       14%        N/A       6%          2
c - Swiftness             Air            14%        N/A       12%         3
d - Airstrike             Air            7%         N/A       36%         4
e - Lightning Bolt        Conj/Air       7%         1d19      73%         5
f - Beastly Appendage     Tmut           28%        N/A       4%          1
Your spell library was empty.

Dungeon Overview and Level Annotations

Branches:
Dungeon (2/15)

Altars:

Annotations:
D:2 Robin


Innate Abilities, Weirdness & Mutations

You are immune to poison.
Your flesh is very heat resistant. (rF++)
You are vulnerable to cold. (rC-)
You float through the air rather than walking.
You learn spells naturally, not from books.
Your magical power is your life essence.
You have superior vitality. (+4 HP)


Message History

A goblin comes into view. It is wielding a +0 club.
The hobgoblin moves out of view.
You hear a shout!
The goblin shouts!
Robin shouts!
You hear a shout!
Robin roars a battlecry!
The goblins go into a battle-frenzy!
The zap misses the goblin.
The zap hits the goblin.
You kill the goblin!
The zap hits the goblin. x2
You kill the goblin!
The zap hits the goblin. x2
You kill the goblin!
The goblin barely misses you.
You miscast Shock.
You are very lightly contaminated with residual magic.
Nothing appears to happen.
The goblin barely misses you.
A goblin comes into view. It is wielding a +0 dagger.
The zap misses the goblin.
The goblin shouts!
You hear a shout!
The goblin hits you with a +0 dagger.
The zap misses the goblin.
The zap hits the goblin.
You kill the goblin!
The goblin closely misses you. Robin throws the goblin at you!
A goblin comes into view. It is wielding a +0 dagger.
The zap hits the goblin.
You kill the goblin!
The goblin misses you.
Robin throws the goblin at you! 2 goblins come into view.
The goblin shouts! x2
A giant cockroach comes into view.
The hobgoblin misses you.
Things that are here:
a +0 dagger; a goblin corpse The zap hits the hobgoblin.
The zap hits the goblin.
You kill the goblin!
The goblin closely misses you. The hobgoblin barely misses you.
The zap hits the hobgoblin.
You kill the hobgoblin!
The zap hits the goblin.
The goblin barely misses you.
Your magical contamination has completely faded away.
The zap hits Robin.
The zap hits the goblin.
* * * LOW HITPOINT WARNING * * *
The goblin hits you with a +0 dagger.
* * * LOW HITPOINT WARNING * * *
The zap hits Robin.
The zap hits the goblin.
You kill the goblin!
The zap hits the giant cockroach.
* * * LOW HITPOINT WARNING * * *
Robin hits you with a +0 club!
You die...

## ### . ..# #
#.#.#.# B#.#.
)). #g# #@#
#g#######
#g......#
#.##.##.#
#.#..##.#
#.#.###.#
#.#.###.#
########.......#
#.......##.#####


You could see Robin, a giant cockroach and 2 goblins.

Vanquished Creatures
  A dart slug (D:2)
  A giant cockroach (D:1)
  8 goblins
  2 hobgoblins
  6 jackals (D:1)
  4 kobolds (D:1)
  A ball python (D:1)
  5 bats (D:1)
  4 frilled lizards (D:1)
  2 rats (D:1)
34 creatures vanquished.

Notes
Turn   | Place    | Note
-------+----------+-------------------------------------------
     0 | D:1      | vurker the Djinni Air Elementalist began the quest for the
                  | Orb.
     0 | D:1      | Reached XP level 1. HP: 15/15 MP: 0/0
   599 | D:1      | Reached skill level 3 in Spellcasting
   599 | D:1      | Reached XP level 2. HP: 17/22 MP: 0/0
  1098 | D:1      | Reached skill level 1 in Fighting
  1607 | D:1      | Reached XP level 3. HP: 26/27 MP: 0/0
  1607 | D:1      | Learned a level 1 spell: Beastly Appendage
  1905 | D:2      | Noticed Robin
  1917 | D:2      | Slain by Robin

Illustrated notes

Levels and vault maps discovered:
D:1:      dpeg_arrival_pits, layout_loops_corners, grunt_decor_clamped,
          amcnicky_mini_corridor_feature, kennysheep_minor_cross
D:2:      layout_loops_cross, minivault_14, uniq_robin

Skill      XL: |  1  2 |
---------------+-------+-----
Spellcasting   | 3 |  3.4
Fighting       | 1 |  1.4
Dodging        | |  2.1
Stealth        | |  1.5

Action                   || total
-------------------------++-------
 Cast: Shock             ||    61
Armor: Robe              ||     5
Dodge: Dodged            ||    17

Table legend: (Time is in decaauts)
 A = Elapsed time spent in this place.
 B = Non-inter-level travel time spent in this place.
 C = Inter-level travel time spent in this place.
 D = Time resting spent in this place.
 E = Time spent auto-exploring this place.
 F = Levels seen in this place.
 G = Mean time per level.
                   A        B        C        D        E       F      G
               +--------+--------+--------+--------+--------+-----+--------+
         Total |   1916 |   1905 |     11 |      0 |   1793 |   2 |  958.0 |
       Dungeon |   1916 |   1905 |     11 |      0 |   1793 |   2 |  958.0 |
               +--------+--------+--------+--------+--------+-----+--------+

Top non-repeatable levels by time:
     D:1: 1858 daAuts
     D:2: 57 daAuts
